 Dungeon Crawl Stone Soup version 0.17-a0-124-gc3c9679 (console) character file.

422 Kellhus the Slasher (level 6, -4/47 HPs)
             Began as a Mummy Chaos Knight on Mar 22, 2015.
             Slain by a wight
             ... wielding a +0 falchion
              (9 damage)
             ... on level 4 of the Dungeon.
             The game lasted 00:06:12 (2912 turns).

Kellhus the Slasher (Mummy Chaos Knight)            Turns: 2912, Time: 00:06:13

Health: -4/47      AC:  8    Str: 17    XL:     6   Next: 63%
Magic:  6/6        EV: 11    Int: 11    God:    Xom [...*..]
Gold:   172        SH:  0    Dex: 11    Spells: 0 memorised, 5 levels left

rFire  x . .     SeeInvis .     u - +0 great sword (curse)
rCold  + . .     Clarity  .     e - +2 leather armour
rNeg   + + +     SustAb   .     (no shield)
rPois  ∞         Gourm    .     l - +0 helmet
rElec  .         Spirit   .     (no cloak)
rCorr  .         Warding  .     g - +1 pair of gloves
rMut   .         Stasis   .     (no boots)
MR     .....                    k - amulet of faith
Stlth  ..........               (no ring)
                                t - ring of loudness (curse)

@: not resistant to hostile enchantments, extremely unstealthy
A: no food or potions, fire vulnerability, restore body, cold resistance 1,
negative energy resistance 3, poison resistance, torment resistance, unbreathing
a: Renounce Religion


You were on level 4 of the Dungeon.
You worshipped Xom.
You were a favourite toy of Xom.
You were not hungry.

You visited 1 branch of the dungeon, and saw 5 of its levels.

You collected 172 gold pieces.

Inventory:

Hand weapons
 a - a +0 falchion of chaos
 b - a +0 blowgun
 c - a cursed +1 dire flail of freezing
 u - a cursed +0 great sword (weapon)
Missiles
 f - 40 poisoned needles
Armour
 e - a +2 leather armour (worn)
 g - a +1 pair of gloves (worn)
 i - a +0 plate armour
 l - a +0 helmet (worn)
 n - a -1 pair of gloves
Magical staves
 s - an uncursed staff of wizardry
Jewellery
 k - an amulet of faith (around neck)
 r - an uncursed ring of ice
 t - a cursed ring of loudness (left hand)
Magical devices
 j - a wand of magic darts (21)
 m - a wand of magic darts (48)
Scrolls
 d - a scroll of random uselessness
 h - 2 scrolls of teleportation
 o - a scroll of blinking
 p - a scroll of amnesia


   Skills:
 - Level 3.0 Fighting
 + Level 6.3 Long Blades
 - Level 1.5 Armour
 - Level 0.7 Dodging


You had 5 spell levels left.
You didn't know any spells.

Dungeon Overview and Level Annotations

Branches:
Dungeon (5/15)
 Temple: D:4-7

Altars:
Vehumet
Xom
Zin


Innate Abilities, Weirdness & Mutations

You do not eat or drink.
Your flesh is vulnerable to fire.
Your flesh is cold resistant.
You are immune to negative energy.
Your system is resistant to poisons.
You are immune to unholy pain and torment.
You can survive without breathing.


Message History

You kill the sky beast!
Your Long Blades skill increases to level 6!
You barely miss the wight. The wight hits you with a falchion.
You barely miss the wight. The wight closely misses you.
You slash the wight!
The wight is severely damaged.
The wight hits you with a falchion.
You are too injured to fight recklessly!
You hit the wight.
The wight is severely damaged.
The wight hits you with a falchion!
* * * LOW HITPOINT WARNING * * *
You barely miss the wight.
The wight is severely damaged.
The wight barely misses you. The wight closely misses you.
You are too injured to fight recklessly!
You barely miss the wight.
The wight is severely damaged.
The wight hits you with a falchion!
You die...

#.#######......###.............
#.# #.)..#...........#####. ##.##
#..............#.## #. ##...####
##.###.##....%....####.
........####.###..............##.
##...##.##............#..#..#.#..
##.###.........>..#.....#..#....
###.####.......#z#....####..#....
...#......!....#@##.#.# #..##...
###.####.......#.##.#†####..###..
#.# ##.....##............# #..
#.# ##...(#######.####### #.# #.#
##....#######.# #.#
#.#####.............# #.#
#.............####### #.#
#########......## #.#
..........###.########## #.#


You could see a wight.

Vanquished Creatures
  A sky beast (D:4)
  2 wights (D:5)
  Natasha (thrice) (D:3)
  An iguana (D:4)
  A gnoll (D:2)
  3 adders
  A shadow imp (D:4)
  A giant mite (D:2)
  A worm (D:3)
  4 giant geckos
  An ooze (D:1)
  2 bat skeletons (D:4)
  A bat zombie (D:5)
  5 goblins
  7 hobgoblins
  3 quokkas
  6 bats
  3 giant cockroaches
  2 jackals (D:2)
  9 kobolds
  7 rats
64 creatures vanquished.

Vanquished Creatures (collateral kills)
  2 wights (D:5)
  A worker ant (D:4)
  2 gnolls (D:2)
  A goblin (D:4)
6 creatures vanquished.

Vanquished Creatures (others)
  An iron imp (D:2)
1 creature vanquished.

Grand Total: 71 creatures vanquished

Notes
Turn   | Place    | Note
--------------------------------------------------------------
     0 | D:1      | Kellhus, the Mummy Chaos Knight, began the quest for the Orb.
     0 | D:1      | Reached XP level 1. HP: 18/18 MP: 1/1
   200 | D:1      | XOM: divination: detect creatures
   225 | D:1      | Reached XP level 2. HP: 24/24 MP: 2/2
   252 | D:1      | XOM: harmless Summ miscast
   522 | D:1      | XOM: harmless Fire miscast
   836 | D:2      | XOM: smoke on damage
  1088 | D:2      | Found a radiant altar of Vehumet.
  1088 | D:2      | Found a shimmering altar of Xom.
  1138 | D:2      | XOM: silly message
  1203 | D:2      | XOM: confuse monster(s)
  1209 | D:2      | XOM: summons 2 friendly demons
  1220 | D:2      | Reached XP level 3. HP: 29/29 MP: 3/3
  1447 | D:2      | Found a glowing silver altar of Zin.
  1541 | D:3      | Reached skill level 4 in Long Blades
  1609 | D:3      | XOM: vitrification
  1639 | D:3      | Noticed Natasha
  1639 | D:3      | XOM: vitrification
  1645 | D:3      | XOM: confuse monster(s)
  1650 | D:3      | Reached XP level 4. HP: 33/35 MP: 4/4
  1666 | D:3      | Killed Natasha
  1678 | D:3      | Noticed Natasha
  1681 | D:3      | XOM: enchant monster (good)
  1685 | D:3      | Killed Natasha
  1723 | D:3      | Noticed Natasha
  1729 | D:3      | Killed Natasha
  1860 | D:3      | XOM: vitrification
  1987 | D:4      | Reached XP level 5. HP: 38/41 MP: 5/5
  2050 | D:4      | XOM: summons friendly shadow imp
  2118 | D:4      | Reached skill level 5 in Long Blades
  2457 | D:4      | XOM: divination: detect creatures
  2581 | D:5      | Entered Level 5 of the Dungeon
  2596 | D:5      | XOM: 2-stop teleportation journey
  2601 | D:5      | XOM: summons 4 friendly demons
  2613 | D:5      | Reached XP level 6. HP: 34/47 MP: 6/6
  2640 | D:5      | HP: 2/47 [something (8)]
  2641 | D:5      | Noticed a sky beast
  2691 | D:4      | XOM: vitrification
  2906 | D:4      | Killed a sky beast
  2906 | D:4      | Reached skill level 6 in Long Blades
  2912 | D:4      | Slain by a wight

Action                   |  1- 3 |  4- 6 || total
-------------------------+-------+-------++-------
Melee: Falchion          |    96 |   104 ||   200
       Great sword       |       |    12 ||    12
 Fire: Blowgun           |       |     3 ||     3
  Use: Scroll            |     4 |     5 ||     9
 Stab: Petrifying        |     1 |       ||     1
